AoeStats
← BerceauLion3560

Arabia

510780632Analyzed
2v2 RM · 9h ago on Oct 2, 2026· 29m 26s· 4 players
Game mode
Random Map
Map size
Medium (4 player)
Population
200
Speed
Normal
Resources
Standard
Victory
Conquest
Starting age
Dark Age
Ending age
Imperial Age
RankedLock teamsTeams togetherTeam positionsShared explorationLock speedFull tech treeHidden civsTurbo modeCheats
Victory
Defeat
🇫🇷 Armenians · France
906
+12
🇫🇷 Varangians · France
901
+12
🇱🇰 Burgundians · Sri Lanka
860
-14
🇬🇧 Cumans · United Kingdom
754
-23
Shadowsong
2:12 Loom
2:17 Loom
9:31 Feudal Age
10:40 Double-Bit Axe
22:38 Castle Age
22:07 Gold Mining
22:11 Stone Mining
25:18 Scale Barding Armor
XSET Ang3l 3408
2:06 Loom
19:47 Feudal Age
21:55 Arson
24:44 Horse Collar
26:53 Wheelbarrow
LoiMonstre46169
6:50 Loom
9:32 Feudal Age
9:44 Man-at-Arms
14:03 Double-Bit Axe
15:54 Bloodlines
17:44 Wheelbarrow
22:34 Castle Age
21:18 Horse Collar
22:40 Arson
23:10 Scale Barding Armor
23:17 Forging
23:42 Squires
24:12 Husbandry
23:32 Light Cavalry
24:16 Husbandry
24:46 Bow Saw
25:45 Chain Barding Armor
26:27 Hand Cart
27:07 Heavy Plow
29:20 Iron Casting
BerceauLion3560
0:53 Loom
11:01 Feudal Age
11:42 Double-Bit Axe
11:59 Man-at-Arms
14:10 Wheelbarrow
16:04 Scale Mail Armor
16:16 Forging
17:32 Long Swordsman
19:33 Gold Mining
23:01 Town Watch
26:40 Castle Age
28:36 Hand Cart
27:47 Two-Handed Swordsman
28:46 Chain Mail Armor
29:42 Town Patrol
Connection lost

Rejoining the realm…

Still unreachable

The connection could not be restored.

Session expired

The server has moved on; the page needs a fresh start.